 Dungeon Crawl Stone Soup version 0.24-a0-89-gce0dbf48b2 (webtiles) character file.

Game seed: 11307827641264952550

57924 Roikka the Destroyer (level 14, -2/121 HPs)
             Began as a Hill Orc Fire Elementalist on Feb 7, 2019.
             Was a High Priest of Vehumet.
             Slain by a crocodile (31 damage)
             ... on level 6 of the Lair of Beasts on Feb 8, 2019.
             The game lasted 03:09:00 (30558 turns).

Roikka the Destroyer (Hill Orc Fire Elementalist)  Turns: 30558, Time: 03:09:01

Health: -2/121     AC: 10    Str: 12    XL:     14   Next: 88%
Magic:  0/27       EV: 20    Int: 22    God:    Vehumet [*****.]
Gold:   1552       SH:  0    Dex: 15    Spells: 0/32 levels left

rFire    + . .     SeeInvis +   a - +4 flail (holy)
rCold    + . .     Gourm    .   w - +3 buckler
rNeg     + + .     Faith    .   z - +2 robe {MR+}
rPois    .         Spirit   +   r - +0 helmet of Death's Door {rN++ MR- Int+3 SInv}
rElec    .         Reflect  .   n - scarf {Spirit}
rCorr    .         Harm     .   i - +1 pair of gloves
MR       +....                  L - +1 pair of boots (curse)
Stlth    +.........             j - amulet of regeneration
HPRegen  0.70/turn              N - ring "Hozoroock" {rF+ rC+ Dex+4 Stlth-}
MPRegen  0.20/turn              e - ring of Phasing {EV+8}

@: sleeping, very slightly contaminated
A: no striking features
a: Renounce Religion


You were on level 6 of the Lair of Beasts.
You worshipped Vehumet.
Vehumet was extremely pleased with you.
You were hungry.

You visited 6 branches of the dungeon, and saw 22 of its levels.

You collected 2072 gold pieces.
You spent 520 gold pieces at shops.

Inventory:

Hand Weapons
 a - a +4 flail of holy wrath (weapon)
 o - a +1 scimitar of flaming
 u - a +0 war axe
Missiles
 x - 15 poisoned tomahawks (quivered)
 U - 6 tomahawks of returning
Armour
 i - a +1 pair of gloves (worn)
 k - a +1 scale mail of poison resistance
 n - a scarf of spirit shield (worn)
 r - the +0 helmet of Death's Door (worn) {rN++ MR- Int+3 SInv}
   (You found it on level 8 of the Dungeon)

   It affects your intelligence (+3).
   It greatly protects you from negative energy.
   It affects your resistance to hostile enchantments.
   It lets you see invisible.
 w - a +3 buckler (worn)
 z - a +2 robe of magic resistance (worn)
 F - a +2 ring mail of fire resistance
 L - a cursed +1 pair of boots (worn)
 T - a +3 leather armour of cold resistance
 X - a +3 leather armour of positive energy
Jewellery
 b - a +4 ring of slaying
 e - the ring of Phasing (right hand) {EV+8}
   (You found it on level 5 of the Dungeon)

   [ring of evasion]

   It affects your evasion (+8).
 j - an amulet of regeneration (around neck)
 q - a +4 ring of protection
 y - a +3 amulet of reflection
 M - a +3 ring of dexterity
 N - the ring "Hozoroock" (left hand) {rF+ rC+ Dex+4 Stlth-}
   (You found it on level 5 of the Lair of Beasts)

   [ring of protection from fire]

   It affects your dexterity (+4).
   It protects you from fire.
   It protects you from cold.
   It makes you less stealthy.
Wands
 f - a wand of disintegration (19)
 g - a wand of clouds (5)
 D - a wand of iceblast (11)
 P - a wand of paralysis (9)
 R - a wand of enslavement (19)
Scrolls
 d - 10 scrolls of remove curse
 h - 2 scrolls of amnesia
 H - a scroll of enchant weapon
 K - a scroll of silence
 O - 2 scrolls of fog
 S - a scroll of magic mapping
Potions
 m - 7 potions of curing
 p - 3 potions of berserk rage
 s - 5 potions of might
 t - a potion of brilliance {unknown}
 A - 2 potions of lignification
 B - 3 potions of flight
 C - a potion of heal wounds
 G - a potion of mutation
 I - a potion of ambrosia
 J - 2 potions of agility
 Q - a potion of cancellation
 Y - 2 potions of magic {unknown}
Comestibles
 c - 33 rations


   Skills:
 - Level 10.0 Fighting
 - Level 8.0 Armour
 - Level 2.0 Dodging
 - Level 1.5 Stealth
 - Level 8.0 Shields
 + Level 9.7 Spellcasting
 * Level 11.6 Conjurations
 - Level 6.0 Hexes
 - Level 10.0 Fire Magic
 * Level 7.6 Earth Magic
 - Level 6.0 Poison Magic


You couldn't memorise any spells.
You knew the following spells:

 Your Spells              Type           Power        Failure   Level  Hunger
a - Flame Tongue          Conj/Fire      #####        1%          1    None
b - Throw Flame           Conj/Fire      ######       1%          2    None
c - Conjure Flame         Conj/Fire      ######..     1%          3    None
d - Fireball              Conj/Fire      ######....   1%          5    ####...
e - Magic Dart            Conj           ####         1%          1    None
f - Tukima's Dance        Hex            #####...     1%          3    None
g - Olgreb's Toxic Radia  Pois           #####...     1%          4    ##.....
h - Iron Shot             Conj/Erth      ######....   5%          6    ######.
i - Orb of Destruction    Conj           ######....   12%         7    #######

Your spell library contained the following spells:

 Spells                   Type           Power        Failure   Level  Hunger
 Corona                   Hex            #####..      1%          1    None
 Sandblast                Erth           #####.       1%          1    None
 Passwall                 Tmut/Erth      ####....     1%          2    None
 Confuse                  Hex            #####...     1%          3    None
 Dazzling Spray           Conj/Hex       #####.       1%          3    None
 Inner Flame              Hex/Fire       #####...     1%          3    None
 Stone Arrow              Conj/Erth      ######       1%          3    None
 Sticky Flame             Conj/Fire      ######..     1%          4    ##.....
 Ensorcelled Hibernation  Hex/Ice        ###...       2%          2    None
 Lee's Rapid Deconstruct  Erth           #####.....   2%          5    ####...
 Bolt of Draining         Conj/Necr      #####.....   4%          5    ####...
 Irradiate                Conj/Tmut      #####.....   4%          5    ####...
 Iskenderun's Battlesphe  Conj/Chrm      #####...     4%          5    ####...
 Petrify                  Tmut/Erth      ####....     13%         4    ##.....
 Bolt of Cold             Conj/Ice       #####.....   22%         6    ######.
 Statue Form              Tmut/Erth      ####.....    89%         6    ######.
 Hydra Form               Tmut           ##........   100%        6    ######.
 Dragon Form              Tmut           ##........   100%        7    #######


Dungeon Overview and Level Annotations

Branches:
Dungeon (11/15)            Temple (1/1) D:7            Lair (6/6) D:10
 Shoals (1/4) Lair:4       Spider (1/4) Lair:4        Slime (0/5) Lair:5
    Orc (2/2) D:10            Elf (0/3) Orc:2

Altars:
Ashenzari
Cheibriados
Dithmenos
Elyvilon
Fedhas
Gozag
Hepliaklqana
Kikubaaqudgha
Makhleb
Nemelex Xobeh
Okawaru
Qazlal
Ru
Sif Muna
Trog
Uskayaw
Vehumet
Wu Jian
Xom
Yredelemnul
Zin
The Shining One
Beogh
Jiyva

Shops:
D:7 (   D:9 %   Orc:1 (   Orc:2 ((!%

Annotations:
D:10 3 exclusions


Message History

The dream sheep bleats! x2; You hear a bellow!
The crocodile bites you!
* * * LOW HITPOINT WARNING * * *
You block the dream sheep's attack. The crocodile completely misses you.
You closely miss the crocodile.
The crocodile is severely wounded.
The dream sheep bleats!
The dream sheep bites you.
* * * LOW HITPOINT WARNING * * *
The crocodile barely misses you.
The dream sheep ruffle their wool and motes of dream dust sparkle, to no effect.
The dream sheep closely misses you.
You closely miss the crocodile.
The crocodile is severely wounded.
The crocodile bites you but does no damage.
The dream sheep are wreathed in dream dust.
You feel drowsy...
You fall asleep.
The dream sheep misses you. The crocodile bites you!!
You die...

#### #..# ###..#
###$...# #.P....##
. #.......#### ...
##.......#@###....#
.....
#.......Y#t....#
#....
#..............#
#....
##..........P...#
.#..
#.......Y....##.#
#... #.....Y....###
# ##...
.........###
###...F #.....D..#
##....Yl .#.#....P#
## ###....##.


You could see a six-headed hydra, a crocodile and 3 dream sheep.

Vanquished Creatures
  Donald (Orc:1)
  2 azure jellies (Lair:5)
  An orc warlord (Orc:2)
  Harold (D:10)
  2 merfolk impalers
  Josephine (Orc:1)
  Erolcha (D:10)
  2 hydras
  Erica (D:9)
  2 two-headed ogres (D:10)
  A queen ant (Lair:2)
  An orc high priest (Orc:2)
  A sea snake (Shoals:1)
  3 wolf spiders (Spider:1)
  5 orc sorcerers
  2 manticores (Shoals:1)
  2 orb spiders
  2 cyclopes
  A deep elf mage (D:10)
  4 fauns
  A merfolk siren (Lair:4)
  3 black mambas
  A water nymph (Shoals:1)
  8 spiny frogs
  A rime drake (Lair:3)
  2 komodo dragons
  2 jumping spiders (Spider:1)
  5 trolls
  11 hippogriffs
  5 blink frogs (Lair:5)
  A slime creature (D:6)
  A redback (Spider:1)
  6 wraiths
  A tarantella (Spider:1)
  48 yaks
  A vampire mosquito (D:10)
  4 wyverns
  4 basilisks
  19 soldier ants (Lair:2)
  7 wargs
  16 water moccasins
  4 porcupines
  28 orc warriors
  A sky beast (D:10)
  5 ice beasts
  3 black bears
  A phantom (D:6)
  4 wolves
  11 ogres
  12 centaurs
  10 crocodiles
  A big kobold (D:10)
  Blork the orc (D:5)
  14 bullfrogs
  A gnoll sergeant (D:9)
  2 scorpions
  6 killer bees
  2 vampire bats (D:6)
  9 howler monkeys
  2 electric eels
  2 crimson imps
  A bullfrog zombie (D:6)
  7 hounds
  3 centaur zombies
  29 orc priests
  A centaur skeleton (D:10)
  7 jellies
  A gnoll shaman (D:5)
  3 bullfrog skeletons
  Ijyb (D:2)
  27 orc wizards
  28 worker ants
  A killer bee zombie (D:5)
  A worker ant zombie (D:8)
  20 gnolls
  2 howler monkey skeletons
  10 adders
  4 shadow imps
  An ooze (D:3)
  An adder zombie (D:7)
  An adder skeleton (D:8)
  3 worms (D:2)
  4 dart slugs
  4 leopard geckos
  90 orcs
  2 ball pythons
  13 bats
  7 giant cockroaches
  2 gnoll zombies (D:2)
  11 goblins
  11 hobgoblins
  8 jackals
  6 kobolds
  3 quokkas
  10 frilled lizards
  2 jackal skeletons
  A quokka skeleton (D:6)
  A quokka zombie (D:7)
  3 rats
  A fungus (D:4)
  A plant (D:4)
634 creatures vanquished.

Vanquished Creatures (collateral kills)
  7 orc warriors
  An ogre (Orc:1)
  An orc wizard (Orc:1)
  An orc (Orc:1)
10 creatures vanquished.

Vanquished Creatures (others)
  A troll (Orc:1)
  A dancing weapon (Orc:1)
  An ogre (D:7)
  2 orc wizards
  6 fungi
  6 plants
17 creatures vanquished.

Grand Total: 661 creatures vanquished

Notes
Turn   | Place    | Note
-------+----------+-------------------------------------------
     0 | D:1      | Roikka the Hill Orc Fire Elementalist began the quest for
                  | the Orb.
     0 | D:1      | Reached XP level 1. HP: 14/14 MP: 3/3
   101 | D:1      | Reached XP level 2. HP: 17/22 MP: 0/4
   447 | D:1      | Learned a level 2 spell: Throw Flame
   566 | D:1      | Reached skill level 1 in Fighting
   654 | D:1      | Reached XP level 3. HP: 28/28 MP: 3/5
  1352 | D:2      | Reached skill level 2 in Conjurations
  1573 | D:2      | Found a faded altar of an unknown god.
  1605 | D:2      | Reached XP level 4. HP: 35/35 MP: 4/6
  2417 | D:2      | Found a basalt altar of Yredelemnul.
  2701 | D:3      | Noticed Ijyb
  2716 | D:2      | Killed Ijyb
  2716 | D:2      | Reached XP level 5. HP: 37/41 MP: 0/8
  2967 | D:3      | Reached skill level 3 in Conjurations
  3676 | D:4      | Reached skill level 1 in Shields
  3784 | D:4      | Found a blossoming altar of Fedhas.
  3924 | D:4      | Learned a level 3 spell: Conjure Flame
  4077 | D:4      | Reached XP level 6. HP: 48/48 MP: 4/9
  4548 | D:5      | Entered Level 5 of the Dungeon
  5009 | D:5      | Found the ring of Phasing {EV+8}
  5011 | D:5      | Noticed Blork the orc
  5070 | D:5      | Killed Blork the orc
  5193 | D:5      | Reached XP level 7. HP: 49/55 MP: 0/11
  5496 | D:5      | Reached skill level 4 in Conjurations
  5725 | D:5      | Reached skill level 5 in Fire Magic
  6614 | D:6      | Reached XP level 8. HP: 61/61 MP: 1/13
  6621 | D:6      | Learned a level 5 spell: Fireball
  6923 | D:5      | Reached skill level 5 in Conjurations
  7605 | D:6      | Found an ornate altar of the Wu Jian Council.
  7607 | D:6      | Noticed a slime creature
  7609 | D:6      | Found a transporter.
  7616 | D:6      | Found a transporter.
  7647 | D:6      | Killed a slime creature
  7656 | D:6      | Reached skill level 6 in Conjurations
  7670 | D:6      | Reached XP level 9. HP: 18/67 MP: 2/15
  8064 | D:7      | Found Ataumot's Weapon Boutique.
  8076 | D:7      | Found a staircase to the Ecumenical Temple.
  8085 | Temple   | Entered the Ecumenical Temple
  8122 | Temple   | Became a worshipper of Vehumet
  8325 | D:7      | Reached skill level 5 in Spellcasting
  8395 | D:7      | Found a hazy altar of Hepliaklqana.
  8846 | D:7      | Found a transporter.
  8866 | D:7      | Found a roughly hewn altar of Beogh.
  8866 | D:7      | Found a transporter.
  8914 | D:7      | Reached skill level 7 in Conjurations
  9377 | D:8      | Got a heavily runed helmet
  9378 | D:8      | Identified the +0 helmet of Death's Door {rN++ MR- Int+3
                  | SInv} (You found it on level 8 of the Dungeon)
  9600 | D:8      | Found a sparkling altar of Nemelex Xobeh.
  9617 | D:8      | Reached * piety under Vehumet
  9617 | D:8      | Offered knowledge of Magic Dart by Vehumet.
  9623 | D:8      | Learned a level 1 spell: Magic Dart
 10232 | D:8      | Reached skill level 8 in Conjurations
 10571 | D:9      | Reached XP level 10. HP: 73/73 MP: 14/19
 10855 | D:9      | Noticed Erica
 10922 | D:9      | Killed Erica
 11077 | D:9      | Found Miwkeo's Food Emporium.
 11130 | D:9      | Learned a level 3 spell: Tukima's Dance
 11270 | D:9      | Offered knowledge of Shock by Vehumet.
 11271 | D:9      | Reached skill level 9 in Conjurations
 11271 | D:9      | Reached skill level 1 in Hexes
 11272 | D:9      | Reached ** piety under Vehumet
 11688 | D:9      | Found a glowing golden altar of the Shining One.
 11696 | D:9      | Found a snail-covered altar of Cheibriados.
 12517 | D:9      | Offered knowledge of Throw Frost by Vehumet.
 12889 | D:10     | Entered Level 10 of the Dungeon
 12916 | D:10     | Reached skill level 1 in Armour
 12944 | D:10     | Found a staircase to the Orcish Mines.
 12972 | D:10     | Reached XP level 11. HP: 67/83 MP: 0/21
 13154 | D:10     | Found a staircase to the Lair.
 13156 | D:10     | Reached *** piety under Vehumet
 13164 | D:10     | Noticed a two-headed ogre
 13384 | D:10     | Offered knowledge of Olgreb's Toxic Radiance by Vehumet.
 13500 | D:9      | Learned a level 4 spell: Olgreb's Toxic Radiance
 13540 | D:10     | Noticed a deep elf mage
 13541 | D:10     | Noticed a two-headed ogre
 13569 | D:10     | Killed a deep elf mage
 13683 | D:10     | Reached skill level 5 in Fighting
 13769 | D:10     | Reached skill level 1 in Poison Magic
 13780 | D:10     | Reached **** piety under Vehumet
 14251 | D:10     | Offered knowledge of Iskenderun's Mystic Blast by Vehumet.
 14421 | D:10     | Killed a two-headed ogre
 14421 | D:10     | Reached skill level 10 in Conjurations
 14519 | D:10     | Killed a two-headed ogre
 14621 | D:10     | Identified the Guide on Attacks
 14936 | D:10     | Found a blossoming altar of Fedhas.
 15727 | D:11     | Reached XP level 12. HP: 86/96 MP: 1/23
 16016 | Lair:1   | Entered Level 1 of the Lair of Beasts
 16228 | Lair:1   | Noticed Harold
 16675 | D:10     | Killed Harold
 16675 | D:10     | Reached skill level 5 in Armour
 16675 | D:10     | Reached skill level 5 in Hexes
 16862 | Lair:1   | Reached skill level 5 in Shields
 17240 | Lair:1   | Noticed a six-headed hydra
 17292 | D:10     | Killed a three-headed hydra
 17881 | Lair:2   | Reached skill level 5 in Poison Magic
 18595 | Lair:2   | Reached ***** piety under Vehumet
 18610 | Lair:2   | Offered knowledge of Freezing Cloud by Vehumet.
 18680 | Lair:2   | Learned a level 6 spell: Freezing Cloud
 18741 | Lair:2   | Noticed a queen ant
 18833 | Lair:2   | Killed a queen ant
 19188 | Lair:3   | Reached XP level 13. HP: 107/107 MP: 10/25
 20647 | Lair:3   | Offered knowledge of Iron Shot by Vehumet.
 20656 | Lair:3   | Learned a level 6 spell: Iron Shot
 21075 | Lair:4   | Reached skill level 1 in Earth Magic
 21449 | Lair:4   | Found a staircase to the Shoals.
 21731 | Lair:4   | Found a hole to the Spider Nest.
 22750 | Lair:5   | Got a translucent glass ring
 22752 | Lair:5   | Identified the ring "Hozoroock" {rF+ rC+ Dex+4 Stlth-} (You
                  | found it on level 5 of the Lair of Beasts)
 22910 | Lair:5   | Found a runed translucent door.
 22972 | Lair:5   | Found a viscous altar of Jiyva.
 22972 | Lair:5   | Noticed an azure jelly
 22974 | Lair:5   | Found a staircase to the Slime Pits.
 22974 | Lair:5   | Noticed an azure jelly
 23149 | Lair:4   | Upgraded the game from 0.24-a0-81-gd227540562 to
                  | 0.24-a0-89-gce0dbf48b2
 23230 | Lair:5   | Killed an azure jelly
 23411 | Spider:1 | Entered Level 1 of the Spider Nest
 23757 | Shoals:1 | Entered Level 1 of the Shoals
 23768 | Shoals:1 | Reached XP level 14. HP: 100/119 MP: 9/27
 24549 | Lair:4   | Reached skill level 10 in Fire Magic
 25041 | Orc:1    | Entered Level 1 of the Orcish Mines
 25041 | Orc:1    | Found Lysuqu Neita's Weapon Shop.
 25046 | Orc:1    | Noticed Erolcha
 25290 | D:11     | Reached skill level 10 in Fighting
 25314 | D:11     | Reached skill level 5 in Earth Magic
 25488 | D:10     | Killed Erolcha
 25990 | Orc:1    | Reached skill level 11 in Conjurations
 26810 | Orc:2    | Entered Level 2 of the Orcish Mines
 26819 | Orc:1    | Paralysed by an orc sorcerer for 4 turns
 26969 | Orc:2    | Noticed Josephine
 26970 | Orc:2    | Noticed Donald
 27165 | Orc:1    | Killed Donald
 27780 | Orc:1    | Killed Josephine
 28134 | Orc:2    | Found a staircase to the Elven Halls.
 28199 | Orc:2    | Found a roughly hewn altar of Beogh.
 28226 | Orc:2    | Offered knowledge of Orb of Destruction by Vehumet.
 28235 | Orc:2    | Learned a level 7 spell: Orb of Destruction
 28599 | Orc:1    | Noticed an orc warlord
 29237 | Orc:2    | Found Dyuziepn's Distillery.
 29237 | Orc:2    | Found Pump's Food Shoppe.
 29237 | Orc:2    | Found Umaomaot's Weapon Emporium.
 29240 | Orc:2    | Found Okhitul's Weapon Emporium.
 29252 | Orc:2    | Bought a potion of agility for 52 gold pieces
 29252 | Orc:2    | Bought a potion of berserk rage for 65 gold pieces
 29252 | Orc:2    | Bought a potion of ambrosia for 104 gold pieces
 29252 | Orc:2    | Bought a potion of cancellation for 104 gold pieces
 29252 | Orc:2    | Bought a potion of might for 52 gold pieces
 29252 | Orc:2    | Bought a potion of invisibility for 104 gold pieces
 29252 | Orc:2    | Bought a potion of curing for 39 gold pieces
 29699 | Orc:2    | Killed an orc warlord
 30444 | Lair:5   | Killed an azure jelly
 30485 | Lair:5   | You fall through a shaft!
 30485 | Lair:6   | Entered Level 6 of the Lair of Beasts
 30520 | Lair:6   | HP: 1/121 [death yak (6)]
 30558 | Lair:6   | Slain by a crocodile

Levels and vault maps discovered:
D:1:      evilmike_arrival_fibonacci_small, layout_rooms, minmay_misc_feat_rows,
          minmay_distorted
D:2:      kennysheep_six_static_rooms, layout_loops_ring,
          lemuel_zombie_altar_yredelemnul, chequers_ecumenical_altar_simple
D:3:      layout_loops_cross, first_ration, minmay_quadrilaterals, uniq_ijyb
D:4:      layout_basic, serial_rivers, chequers_serial_rivers_micro_c,
          chequers_serial_rivers_micro_d, chequers_serial_rivers_micro_d,
          chequers_serial_rivers_micro_e, chequers_serial_rivers_small_a,
          chequers_serial_rivers_small_b, fedhas_altar_3
D:5:      layout_basic, uniq_blork_the_orc
D:6:      layout_rooms, gammafunk_temple_overflow_arena, roderic_batcave
D:7:      gammafunk_beogh_shrine, layout_basic, lemuel_doored_altar,
          minmay_temple_entry_drinking_statues, serial_shops, shop
D:8:      layout_cave_pods, nemelex_xobeh_ov_fountains_minmay
D:9:      layout_basic, minitemple, serial_shops, nicolae_shop_waterfront,
          special_room [special_room_orc], uniq_erica
D:10:     minmay_the_grid_octo_tiled_squarecenter
          [minmay_the_grid_octo_checkered, minmay_the_grid_octo_vomiting_pacman,
          minmay_the_grid_octo_checkerflower, minmay_the_grid_octo_fat_diamond,
          minmay_the_grid_square_5x5_megaprize_crossed,
          minmay_the_grid_square_5x5_shuriken,
          minmay_the_grid_square_5x5_bracketed, minmay_the_grid_square_5x5_c,
          minmay_the_grid_square_5x5_three_small], layout_loops_ring,
          david_lair_generic, david_orc_3, grunt_ogre_cave
D:11:     layout_rooms, gauntlet_entry_generic, grunt_qazlal_clouds
Temple:   compressed_dpeg_circular_temple
Lair:1:   layout_hall_layers, chequers_serial_rivers_micro_b,
          grunt_megastairs_3, infiniplex_staircase_pool_2, uniq_harold
Lair:2:   layout_big_grid, minivault_29, lemuel_fruit_tree
Lair:3:   layout_regular_city
Lair:4:   layout_small_grid, minmay_shoals_entry_lonely_mermaid,
          nicolae_spider_entry_orb_guardian
Lair:5:   layout_layer_cave, slime_altar_2, eino_small_chamber_without_monster,
          lemuel_fruit_fields, grunt_megastairs_5, lemuel_fruit_fields,
          serial_bayou_shore_a
Lair:6:   hangedman_lair_in_review, layout_cave_pods, patterned_corridor
Shoals:1: layout_shoals
Spider:1: layout_spider_delve, nicolae_crawler_farm
Orc:1:    layout_caves, serial_shops, nicolae_shop_waterfront, nooodl_orcs_dogs,
          uniq_erolcha
Orc:2:    st_orc_mages, layout_caves, basic_altar, uniq_josephine, uniq_donald

Skill      XL: |  1  2  3  4  5  6  7  8  9 10 11 12 13 14 |
---------------+-------------------------------------------+-----
Fighting       | 1 2 3 6 8 9 10 | 10.0
Conjurations   | 2 3 4 6 8 9 10 11 | 11.6
Dodging        | 2 |  2.0
Spellcasting   | 2 3 4 6 7 8 9 |  9.7
Fire Magic     | 4 5 7 8 9 10 | 10.0
Shields        | 1 3 4 6 7 8 |  8.0
Hexes          | 2 4 6 |  6.0
Armour         | 1 4 6 7 8 |  8.0
Poison Magic   | 3 6 |  6.0
Earth Magic    | 4 7 |  7.6
Stealth        | |  1.5

Action                   |  1- 3 |  4- 6 |  7- 9 | 10-12 | 13-15 || total
-------------------------+-------+-------+-------+-------+-------++-------
Melee: Club              |    27 |    14 |       |       |       ||    41
       Flail             |       |   128 |   218 |   456 |   486 ||  1288
       Scimitar          |       |       |       |     4 |     3 ||     7
 Fire: Hunting sling     |       |    65 |    10 |       |       ||    75
Throw: Stone             |    43 |    34 |       |     1 |       ||    78
       Tomahawk          |       |       |     1 |     8 |    13 ||    22
 Cast: Flame Tongue      |    45 |    66 |    44 |    12 |       ||   167
       Throw Flame       |     2 |    36 |   172 |   427 |   413 ||  1050
       Magic Dart        |       |       |    30 |    49 |     5 ||    84
       Conjure Flame     |       |       |     1 |    12 |     3 ||    16
       Fireball          |       |       |       |    12 |    37 ||    49
       Tukima's Dance    |       |       |       |     8 |    33 ||    41
       Olgreb's Toxic Ra |       |       |       |    26 |    40 ||    66
       Iron Shot         |       |       |       |       |     2 ||     2
Evoke: Wand              |       |       |       |     2 |     2 ||     4
  Use: Scroll            |       |    11 |     7 |    10 |    15 ||    43
       Potion            |       |     3 |     1 |     4 |     7 ||    15
 Stab: Sleeping          |       |     2 |     1 |       |       ||     3
       Fleeing           |       |       |     1 |       |       ||     1
       Invisible         |       |       |       |     2 |       ||     2
       Distracted        |       |       |       |     1 |       ||     1
  Eat: Chunk             |     3 |    15 |    17 |    27 |    41 ||   103
       Ration            |       |       |     1 |     2 |     2 ||     5
Armor: Robe              |     9 |    70 |    64 |    45 |   103 ||   291
       Ring mail         |       |       |       |    71 |       ||    71
       Scale mail        |       |       |       |   106 |   128 ||   234
Dodge: Dodged            |    19 |   102 |   310 |   691 |   842 ||  1964
Block: Buckler           |       |    18 |   116 |   297 |   457 ||   888
       Rpst.: Scimitar   |       |       |       |       |     2 ||     2

Table legend:
 A = Non-vault XP
 B = Vault XP
 C = Vault XP percentage of total XP
 D = Non-vault monster count
 E = Vault monster count
 F = Vault count percentage of total count
                 A         B        C        D         E       F
            +---------+---------+-------+---------+---------+-------
      Total |   49781 |   32968 |  39.8 |     422 |     223 |  34.6
            +---------+---------+-------+---------+---------+-------
        D:1 |      42 |       1 |   2.3 |      21 |       1 |   4.5
        D:2 |      77 |      53 |  40.8 |      19 |       9 |  32.1
        D:3 |      38 |      32 |  45.7 |      18 |       5 |  21.7
        D:4 |     144 |       0 |   0.0 |      12 |       0 |   0.0
        D:5 |     784 |      94 |  10.7 |      28 |       1 |   3.4
        D:6 |     580 |     649 |  52.8 |      12 |      12 |  50.0
        D:7 |     957 |     472 |  33.0 |      19 |      12 |  38.7
        D:8 |     733 |       0 |   0.0 |      29 |       0 |   0.0
        D:9 |    2675 |    1533 |  36.4 |      32 |      25 |  43.9
       D:10 |    4495 |    9174 |  67.1 |      27 |      49 |  64.5
       D:11 |    2124 |       0 |   0.0 |      17 |       0 |   0.0
     Lair:1 |    1504 |     107 |   6.6 |       9 |       1 |  10.0
     Lair:2 |    3595 |    4431 |  55.2 |      19 |      38 |  66.7
     Lair:3 |    8652 |       0 |   0.0 |      42 |       0 |   0.0
     Lair:4 |    4145 |    1064 |  20.4 |      13 |       2 |  13.3
     Lair:5 |    4035 |    5321 |  56.9 |      11 |       8 |  42.1
     Lair:6 |     157 |       0 |   0.0 |       1 |       0 |   0.0
   Shoals:1 |    4358 |       0 |   0.0 |       7 |       0 |   0.0
   Spider:1 |    3346 |       0 |   0.0 |       8 |       0 |   0.0
      Orc:1 |    3570 |    7112 |  66.6 |      40 |      35 |  46.7
      Orc:2 |    3770 |    2925 |  43.7 |      38 |      25 |  39.7
            +---------+---------+-------+---------+---------+-------
